 Dungeon Crawl Stone Soup version 0.21-a0-414-gba8bdf1 (webtiles) character file.

11958 JackS81 the Cleaver (level 11, -2/124 HPs)
             Began as a Demonspawn Berserker on Nov 1, 2017.
             Was an Elder of Trog.
             Succumbed to WhiffAndRun's ghost's poison
             ... on level 1 of the Lair of Beasts on Nov 2, 2017.
             The game lasted 00:51:12 (11291 turns).

JackS81 the Cleaver (Demonspawn Berserker)         Turns: 11291, Time: 00:51:13

Health: -2/124     AC:  6    Str: 25    XL:     11   Next: 56%
Magic:  14/14      EV: 14    Int:  8    God:    Trog [****..]
Gold:   386        SH:  0    Dex: 14    Spells: 10/10 levels left

rFire    . . .     SeeInvis .   a - +0 hand axe
rCold    + . .     Gourm    .   (no shield)
rNeg     . . .     Faith    .   t - +0 ring mail
rPois    .         Spirit   .   (helmet unavailable)
rElec    .         Reflect  .   (no cloak)
rCorr    .         Harm     .   (no gloves)
MR       +++..                  (no boots)
Stlth    ..........             (no amulet)
HPRegen  1.30/turn              g - ring of protection from magic
MPRegen  0.14/turn              P - ring of protection from cold

@: berserking (expiring), lethally poisoned (-2 -> -58), regenerating, very
quick
A: claws 1, horns 3, talons 1, demonic guardian 1, robust 1
a: Berserk, Trog's Hand, Brothers in Arms, Burn Spellbooks, Renounce Religion


You were on level 1 of the Lair of Beasts.
You worshipped Trog.
Trog was greatly pleased with you.
You were not hungry.

You visited 2 branches of the dungeon, and saw 11 of its levels.

You collected 675 gold pieces.
You spent 289 gold pieces at shops.

Inventory:

Hand Weapons
 a - a +0 hand axe (weapon)
 u - a +0 blowgun
 x - a +3 whip
 Q - a +0 falchion of flaming
 T - a +0 whip of electrocution
Missiles
 B - 41 poisoned needles
 R - 8 javelins of penetration (quivered)
Armour
 b - a +0 animal skin
 m - a +0 leather armour
 n - a +0 helmet
 t - a +0 ring mail (worn)
Jewellery
 g - a ring of protection from magic (left claw)
 j - an uncursed ring of magical power
 E - an uncursed ring of ice
 M - an uncursed ring of wizardry
 P - a ring of protection from cold (right claw)
Wands
 D - a wand of polymorph (6/24)
 H - a wand of iceblast (9/15)
 I - a wand of paralysis (11/24)
 L - a wand of flame (21/48)
 Y - a wand of paralysis (5/24)
Scrolls
 i - 20 scrolls of identify {unknown}
 p - a scroll of fog {unknown}
 r - 3 scrolls of noise {unknown}
 v - 3 scrolls of immolation {unknown}
 w - 2 scrolls of enchant weapon {unknown}
 y - 3 scrolls of magic mapping {unknown}
 z - 7 scrolls of teleportation {unknown}
 A - a scroll of fear {unknown}
 F - 3 scrolls of remove curse {unknown}
 J - 3 scrolls of amnesia {unknown}
 N - 2 scrolls of blinking {unknown}
 S - 3 scrolls of torment {unknown}
 X - a scroll of recharging {unknown}
Potions
 d - 2 potions of flight
 e - a potion of haste
 h - 2 potions of mutation
 o - 5 potions of curing
 s - a potion of invisibility {unknown}
 C - a potion of cancellation {unknown}
 G - 2 potions of lignification
 O - 2 potions of brilliance
 U - a potion of ambrosia {unknown}
 V - a potion of might {unknown}
 W - a potion of resistance
Comestibles
 c - 9 bread rations
 f - 21 fruits
 q - 6 royal jellies
 K - 4 meat rations


   Skills:
 * Level 3.9 Fighting
 + Level 13.3 Axes
 * Level 7.6 Armour
 * Level 5.6 Dodging
 * Level 4.4 Evocations


You had 10 spell levels left.
You didn't know any spells.

Dungeon Overview and Level Annotations

Branches:
Dungeon (10/15)            Temple (0/1) D:4            Lair (1/6) D:10
    Orc: D:9-12

Altars:
Cheibriados
Dithmenos
Fedhas
Makhleb
Qazlal
Trog
Vehumet
Zin

Shops:
D:8 :   D:10 =!**(

Portals:
Trove: D:10 (give +3 gold dragon scales)


Innate Abilities, Weirdness & Mutations

You have sharp fingernails.
You have a pair of large horns on your head.
You have sharp toenails.
A weak demonic guardian rushes to your aid.
You are robust. (+10% HP)


Message History

* * * LOW HITPOINT WARNING * * *
You feel very sick.
Your iron imp misses WhiffAndRun's ghost.
You hit WhiffAndRun's ghost.
You claw WhiffAndRun's ghost, but do no damage.
You headbutt WhiffAndRun's ghost.
WhiffAndRun's ghost is almost destroyed.
* * * LOW HITPOINT WARNING * * *
You feel very sick. WhiffAndRun's ghost hits you.
* * * LOW HITPOINT WARNING * * *
You completely miss WhiffAndRun's ghost.
Your kick misses WhiffAndRun's ghost. You headbutt WhiffAndRun's ghost!
WhiffAndRun's ghost is almost destroyed.
* * * LOW HITPOINT WARNING * * *
You feel very sick.
You barely miss WhiffAndRun's ghost. You claw WhiffAndRun's ghost.
You destroy WhiffAndRun's ghost!
Trog accepts your kill.
You die...

.....#### #..## #..P#
...#### ##..# ##.###
....#P# #P..# ##.##
......### ##..## ##..#
##......### #....# #).##
##.......####...# ##..#
###.......###..## #..#.#
######........#...####..###
...#.#..........@.##....#
.....##.#........5.#..###
.......#..............##
......................P#
..........#........#..####
......####..........#..#.#
.....## #............#..##
# ..####
##.............#.####### #
###
##..............##.##...###


You could see a friendly iron imp.

Vanquished Creatures
  The ghost of WhiffAndRun the Warrior, a journeyman MiBe of Trog (Lair:1)
  The ghost of Lucama221 the Cleaver, a journeyman MiFi of Okawaru (D:9)
  A hydra (D:8)
  A two-headed ogre (D:8)
  Pikel (D:7)
  A komodo dragon (Lair:1)
  A guardian mummy (D:10)
  A troll (D:9)
  Grinder (D:5)
  5 blink frogs (Lair:1)
  A slime creature (D:9)
  2 dream sheep (D:8)
  A hippogriff (D:10)
  A wyvern (D:9)
  2 yaks (D:8)
  A hungry ghost (D:9)
  2 water moccasins (Lair:1)
  3 black bears
  3 slaves (D:7)
  2 orc warriors
  An ice beast (D:5)
  A sky beast (D:9)
  The ghost of Barriton the Chopper, an amateur MiGl (D:3)
  3 centaurs
  2 ogres
  A crocodile (Lair:1)
  5 big kobolds
  A gnoll sergeant (D:9)
  9 bullfrogs
  A wyvern zombie (D:10)
  2 scorpions
  7 killer bees
  A water moccasin skeleton (D:8)
  3 wights (D:10)
  3 howler monkeys (D:10)
  4 crimson imps
  2 lava snakes (D:8)
  A bullfrog zombie (D:6)
  A quasit (D:7)
  10 jellies
  7 orc priests
  A centaur skeleton (D:5)
  3 hounds
  7 orc wizards
  A bullfrog skeleton (D:7)
  Ijyb (D:5)
  3 iguanas
  Natasha (thrice) (D:4)
  8 worker ants
  A hound skeleton (D:9)
  Robin (D:3)
  A worker ant zombie (D:7)
  7 adders
  6 gnolls
  2 shadow imps (D:5)
  13 oozes
  An adder skeleton (D:6)
  4 dart slugs
  5 leopard geckos
  29 orcs
  8 bats
  6 giant cockroaches
  11 goblins
  14 hobgoblins
  6 jackals
  24 kobolds
  4 quokkas
  3 ball pythons
  4 frilled lizards
  A leopard gecko zombie (D:5)
  2 quokka skeletons
  5 rats
283 creatures vanquished.

Vanquished Creatures (collateral kills)
  A two-headed ogre (D:10)
  A hippogriff (D:10)
  A slave (D:7)
  A necrophage (D:8)
  A centaur (D:9)
  A big kobold (D:8)
  A killer bee (D:9)
7 creatures vanquished.

Vanquished Creatures (others)
  5 fungi
5 creatures vanquished.

Grand Total: 295 creatures vanquished

Notes
Turn   | Place    | Note
-------+----------+-------------------------------------------
     0 | D:1      | JackS81 the Demonspawn Berserker began the quest for the Orb.
     0 | D:1      | Reached XP level 1. HP: 18/18 MP: 1/1
    96 | D:1      | Reached skill level 3 in Axes
   205 | D:1      | Gained mutation: You have sharp toenails. [demonic ancestry]
   205 | D:1      | Reached XP level 2. HP: 11/24 MP: 2/2
  1061 | D:2      | Reached skill level 4 in Axes
  1061 | D:2      | Reached XP level 3. HP: 14/29 MP: 3/3
  1430 | D:2      | Reached ** piety under Trog
  1919 | D:2      | Gained mutation: You have a pair of small horns on your head. [demonic ancestry]
  1919 | D:2      | Reached XP level 4. HP: 33/35 MP: 4/4
  2103 | D:3      | Reached skill level 5 in Axes
  2403 | D:3      | Noticed Robin
  2446 | D:3      | Reached XP level 5. HP: 41/41 MP: 5/5
  2530 | D:3      | Killed Robin
  2553 | D:3      | Noticed Barriton's ghost (amateur MiGl)
  2565 | D:3      | Killed Barriton's ghost
  2949 | D:4      | Noticed Natasha
  2953 | D:4      | Killed Natasha
  2953 | D:4      | Reached XP level 6. HP: 47/47 MP: 6/6
  2954 | D:4      | Reached skill level 6 in Axes
  2955 | D:4      | Reached *** piety under Trog
  3136 | D:4      | Noticed Natasha
  3140 | D:4      | Killed Natasha
  3211 | D:4      | Noticed Natasha
  3217 | D:4      | Killed Natasha
  3383 | D:4      | Gained mutation: You have a pair of horns on your head. [demonic ancestry]
  3383 | D:4      | Reached XP level 7. HP: 20/52 MP: 7/7
  3384 | D:4      | Gained mutation: You are robust. (+10% HP) [potion of mutation]
  3384 | D:4      | Lost mutation: You are robust. (+10% HP) [potion of mutation]
  3384 | D:4      | Gained mutation: You are robust. (+10% HP) [potion of mutation]
  3625 | D:4      | Found a staircase to the Ecumenical Temple.
  3726 | D:5      | Entered Level 5 of the Dungeon
  3768 | D:5      | Reached skill level 7 in Axes
  3806 | D:5      | Identified Sif Muna's Handbook of Flying Combat Magic
  4143 | D:5      | Noticed Grinder
  4170 | D:5      | Killed Grinder
  4170 | D:5      | Gained mutation: You have a pair of large horns on your head. [demonic ancestry]
  4170 | D:5      | Reached XP level 8. HP: 48/63 MP: 8/8
  4231 | D:5      | Reached skill level 8 in Axes
  4290 | D:5      | Noticed Ijyb
  4303 | D:5      | Killed Ijyb
  4536 | D:6      | Found a bloodstained altar of Trog.
  5392 | D:7      | Reached skill level 9 in Axes
  5430 | D:7      | Noticed Pikel
  5573 | D:7      | Reached skill level 5 in Armour
  5709 | D:7      | Found a stormy altar of Qazlal.
  5740 | D:7      | Gained mutation: A weak demonic guardian rushes to your aid. [demonic ancestry]
  5740 | D:7      | Reached XP level 9. HP: 18/69 MP: 9/9
  6272 | D:7      | Killed Pikel
  6272 | D:7      | Reached skill level 10 in Axes
  6664 | D:7      | Found a burning altar of Makhleb.
  6836 | D:7      | Found a blossoming altar of Fedhas.
  7054 | D:8      | Reached skill level 11 in Axes
  7081 | D:8      | Noticed a three-headed hydra
  7087 | D:8      | Killed a one-headed hydra
  7087 | D:8      | Reached skill level 1 in Evocations
  7087 | D:8      | Reached XP level 10. HP: 77/77 MP: 10/10
  7139 | D:8      | Reached **** piety under Trog
  7382 | D:8      | Found Xoti's Book Emporium.
  7407 | D:8      | Noticed a two-headed ogre
  7423 | D:8      | Killed a two-headed ogre
  7803 | D:9      | Reached skill level 12 in Axes
  8104 | D:9      | Received a gift from Trog
  8171 | D:9      | Found a radiant altar of Vehumet.
  8311 | D:9      | Found a snail-covered altar of Cheibriados.
  8314 | D:9      | Found a glowing silver altar of Zin.
  8317 | D:9      | Found a shadowy altar of Dithmenos.
  8327 | D:9      | Noticed Lucama221's ghost (journeyman MiFi)
  8341 | D:9      | Killed Lucama221's ghost
  8620 | D:9      | Reached skill level 5 in Dodging
  8768 | D:9      | Gained mutation: You have sharp fingernails. [demonic ancestry]
  8768 | D:9      | Reached XP level 11. HP: 38/82 MP: 13/13
  8797 | D:9      | HP: 4/82 [acid (8)]
  9298 | D:10     | Entered Level 10 of the Dungeon
  9315 | D:10     | Found Riecoe Fene's Assorted Antiques.
  9692 | D:10     | Noticed a two-headed ogre
  9699 | D:10     | Killed a two-headed ogre
  9699 | D:10     | Reached skill level 13 in Axes
  9729 | D:10     | Found Boercha's Assorted Antiques.
  9747 | D:10     | Found Tiakol's Antique Weapon Shoppe.
  9791 | D:10     | Found Neicruo's Jewellery Shoppe.
  9791 | D:10     | Found a staircase to the Lair.
  9819 | D:10     | Found Vaammoyth's Distillery.
  9822 | D:10     | Bought a potion of brilliance for 68 gold pieces
  9822 | D:10     | Bought a potion of flight for 51 gold pieces
  9822 | D:10     | Bought a potion of resistance for 170 gold pieces
 10255 | D:10     | Found a portal to a secret trove of treasure.
 10353 | D:10     | Upgraded the game from 0.21-a0-405-gf2af9a1 to 0.21-a0-414-gba8bdf1
 10389 | Lair:1   | Entered Level 1 of the Lair of Beasts
 11267 | Lair:1   | Noticed WhiffAndRun's ghost (journeyman MiBe)
 11289 | Lair:1   | HP: 4/123 [poisoned by WhiffAndRun's ghost]
 11290 | Lair:1   | HP: 1/123 [poisoned by WhiffAndRun's ghost]
 11291 | Lair:1   | Killed WhiffAndRun's ghost
 11291 | Lair:1   | Succumbed to WhiffAndRun's ghost's poison

Vault maps used:
D:1:      lightli_arrival_noodles, minivault_14
D:3:      uniq_robin
D:4:      minmay_temple_entry_fiery, uniq_natasha
D:5:      first_bread, uniq_grinder, uniq_ijyb
D:6:      bloody_trog, kennysheep_generic_room_13
D:7:      bloody_makhleb, kennysheep_mini_moat, old_standard_altar,
          serial_co_window_serial, co_window_corner_a,
          co_window_of_opportunity_a, co_window_cross_1,
          co_window_of_opportunity_a, co_window_paths_a,
          co_window_unsneaky_path_a, co_window_2corner, co_window_2corner,
          co_window_broadway_c, glass_columns_a, uniq_pikel
D:8:      serial_shops, shop, kennysheep_diamond, hangedman_ranch
D:9:      lemuel_slime, grunt_temple_overflow_diamond,
          nicolae_overflow_crystal_walls
D:10:     lair_entry_dummy, nicolae_trove_entry_path_of_doom, serial_shops,
          nicolae_shop_crystal, nicolae_shop_behind_doors,
          nicolae_shop_overgrown_old_shop,
          nicolae_shop_competitors_out_of_business, shop
Lair:1:   serial_bayou_shore_b

Skill      XL: |  1  2  3  4  5  6  7  8  9 10 11 |
---------------+----------------------------------+-----
Axes           | 3 4 5 6 7 9 11 12 13 | 13.3
Armour         | 2 3 5 6 7 |  7.6
Dodging        | 2 3 4 5 |  5.6
Evocations     | 1 3 4 |  4.4
Fighting       | |  3.9

Action                   |  1- 3 |  4- 6 |  7- 9 | 10-12 || total
-------------------------+-------+-------+-------+-------++-------
Melee: Hand axe          |   137 |   156 |   314 |   367 ||   974
       Kick              |    27 |    44 |    93 |   134 ||   298
       Headbutt          |       |    24 |    47 |    94 ||   165
       Falchion          |       |       |     3 |    13 ||    16
Invok: Berserk           |       |     5 |     6 |     8 ||    19
       Trog's Hand       |       |     2 |     8 |     9 ||    19
       Burn Spellbooks   |       |       |       |     1 ||     1
Evoke: Wand              |       |       |       |     1 ||     1
  Use: Potion            |       |       |     4 |     4 ||     8
 Stab: Paralysed         |       |       |       |     8 ||     8
       Distracted        |       |       |       |     2 ||     2
  Eat: Chunk             |     2 |     7 |    19 |    21 ||    49
       Meat ration       |       |     1 |       |       ||     1
       Fruit             |       |       |       |     1 ||     1
       Bread ration      |       |       |       |     1 ||     1
Armor: Animal skin       |     9 |       |       |       ||     9
       Leather armour    |    17 |       |       |       ||    17
       Ring mail         |    13 |    30 |    72 |    52 ||   167
       Skin              |       |       |       |     7 ||     7
Dodge: Dodged            |    87 |    62 |   171 |   168 ||   488
       Rpst.: Falchion   |       |       |       |     7 ||     7

Table legend:
 A = Spawn XP
 B = Non-spawn XP
 C = Spawn XP percentage of total XP
 D = Spawn monster count
 E = Non-spawn monster count
 F = Spawn count percentage of total count
 G = Total turns spent on level
                    A         B        C        D         E        F      G
               +---------+---------+-------+---------+---------+-------+---------
         Total |       0 |   17084 |   0.0 |       0 |     286 |   0.0 | 11291
               +---------+---------+-------+---------+---------+-------+---------
           D:1 |       0 |      29 |   0.0 |       0 |      16 |   0.0 |   868
           D:2 |       0 |      69 |   0.0 |       0 |      29 |   0.0 |  1091
           D:3 |       0 |     257 |   0.0 |       0 |      37 |   0.0 |   985
           D:4 |       0 |     414 |   0.0 |       0 |      21 |   0.0 |   782
           D:5 |       0 |     825 |   0.0 |       0 |      14 |   0.0 |   737
           D:6 |       0 |     558 |   0.0 |       0 |      14 |   0.0 |   905
           D:7 |       0 |    1581 |   0.0 |       0 |      29 |   0.0 |  1490
           D:8 |       0 |    4071 |   0.0 |       0 |      36 |   0.0 |   929
           D:9 |       0 |    3684 |   0.0 |       0 |      56 |   0.0 |  1511
          D:10 |       0 |    2297 |   0.0 |       0 |      22 |   0.0 |  1091
        Lair:1 |       0 |    3299 |   0.0 |       0 |      12 |   0.0 |   902
               +---------+---------+-------+---------+---------+-------+---------
